 Dungeon Crawl Stone Soup version 0.28.0 (webtiles) character file.

Game seed: 11946482199559055716

144 xSliceyx the Conjurer (level 5, -1/28 HPs)
             Began as a Deep Elf Conjurer on Feb 6, 2022.
             Slain by an iguana (4 damage)
             ... on level 4 of the Dungeon.
             The game lasted 00:04:06 (2595 turns).

xSliceyx the Conjurer (Deep Elf Conjurer)           Turns: 2595, Time: 00:04:08

Health: -1/28      AC:  3    Str:  4    XL:     5   Next: 5%
Magic:  7/14       EV: 12    Int: 25    God:
Gold:   91         SH:  0    Dex: 13    Spells: 9/14 levels left

rFire   . . .      SeeInvis .   g - +2 mace (protect)
rCold   . . .      Faith    .   (no shield)
rNeg    . . .      Spirit   .   a - +0 robe
rPois   .          Reflect  .   (no helmet)
rElec   .          Harm     .   (no cloak)
rCorr   .          Rampage  .   (no gloves)
Will    .....                   i - +0 pair of boots
Stlth   ++........              (no amulet)
HPRegen 0.09/turn               (no ring)
MPRegen 0.14/turn               (no ring)

@: on blink cooldown
A: no striking features
a: no special abilities


You were on level 4 of the Dungeon.
You visited 1 branch of the dungeon, and saw 4 of its levels.

You collected 91 gold pieces.

Inventory:

Hand Weapons
 g - a +2 mace of protection (weapon)
Missiles
 q - 2 throwing nets
Armour
 a - a +0 robe (worn)
 i - a +0 pair of boots (worn)
Jewellery
 j - an amulet of faith
Scrolls
 c - a scroll of blinking {unknown}
 d - 2 scrolls of amnesia {unknown}
 e - a scroll of noise {unknown}
 f - 2 scrolls of fog {unknown}
 l - a scroll of identify {unknown}
 m - a scroll of fear {unknown}
Potions
 b - 2 potions of mutation {unknown}
 h - 2 potions of heal wounds {unknown}
 k - 4 potions of curing {unknown}
 n - a potion of brilliance {unknown}
 o - a potion of resistance {unknown}
 p - 2 potions of might {unknown}


   Skills:
 - Level 2.4 Dodging
 - Level 2.4 Stealth
 + Level 5.4 Spellcasting
 + Level 5.8 Conjurations


You had 9 spell levels left.
You knew the following spells:

 Your Spells              Type           Power      Damage    Failure   Level
a - Magic Dart            Conj           100%       1d8       1%          1
b - Searing Ray           Conj           72%        2d7       1%          2
c - Blink                 Tloc           12%        N/A       12%         2

Your spell library contained the following spells:

 Spells                   Type           Power      Damage    Failure   Level
 Dazzling Flash           Conj/Hex       42%        N/A       7%          3
 Ensorcelled Hibernation  Hex/Ice        12%        N/A       12%         2
 Passwall                 Tmut/Erth      5%         N/A       12%         2
 Lesser Beckoning         Tloc           6%         N/A       24%         3
 Swiftness                Air            6%         N/A       24%         3
 Fulminant Prism          Conj/Hex       10%        3d9       24%         4
 Iskenderun's Mystic Bla  Conj/Tloc      21%        2d6       24%         4
 Manifold Assault         Tloc           6%         N/A       91%         5


Dungeon Overview and Level Annotations

Branches:
Dungeon (4/15)
 Temple: D:4-7

Altars:

Portals:
Abyss: D:3

Annotations:
D:3 2 transporters, ragingrage's ghost, weakling MiBe


Message History

The magic dart hits the dart slug.
The dart slug is almost dead.
The magic dart hits the dart slug.
You kill the dart slug!
You start resting.
An iguana comes into view.
The iguana hisses angrily.
You climb upwards.
Level annotation: 2 transporters, ragingrage's ghost, weakling MiBe
There is a stone staircase leading down here.
You start resting.
Magic restored.
You climb downwards.
The iguana bites you. The iguana barely misses you.
There is a stone staircase leading up, spattered with blood here.
Casting: Magic Dart (safe; 1% risk of failure)
Confirm with . or Enter, or press ? or * to list all spells.
Aiming: Searing Ray (safe; 1% risk of failure)
Press: ? - help, Shift-Dir - straight line, f - iguana
Aim: an iguana (83% to hit)
The searing ray hits the iguana.
The iguana is moderately wounded. (Press . to maintain the ray.)
The iguana bites you!
The searing ray hits the iguana!
The iguana is severely wounded.
The iguana bites you!
* * * LOW HITPOINT WARNING * * *
Casting: Searing Ray (safe; 1% risk of failure)
Confirm with . or Enter, or press ? or * to list all spells.
You blink.
The iguana barely misses you.
Casting: Blink (safe; 12% risk of failure)
Confirm with . or Enter, or press ? or * to list all spells.
Aiming: Searing Ray (safe; 1% risk of failure)
Press: ? - help, Shift-Dir - straight line, f/p - iguana
Aim: an iguana (severely wounded, 83% to hit)
The searing ray hits the iguana.
The iguana is almost dead. (Press . to maintain the ray.)
The iguana bites you.
You die...

...........†...
.................
.................
.................
.................
.......†.........
.......<.........
........l........
####.....@....#
##########.# #


You could see an iguana.

Vanquished Creatures
  A hound (D:4)
  2 adders (D:2)
  4 gnolls (D:3)
  2 dart slugs
  4 orcs
  5 endoplasms
  2 giant cockroaches (D:1)
  6 goblins
  3 hobgoblins
  2 quokkas
  A ball python (D:1)
  7 bats
  4 frilled lizards
  4 kobolds
  2 rats
49 creatures vanquished.

Notes
Turn   | Place    | Note
-------+----------+-------------------------------------------
     0 | D:1      | xSliceyx the Deep Elf Conjurer began the quest for the Orb.
     0 | D:1      | Reached XP level 1. HP: 10/10 MP: 6/6
   121 | D:1      | Found a faded altar of an unknown god.
   341 | D:1      | Reached XP level 2. HP: 15/15 MP: 3/8
   391 | D:1      | Learned a level 2 spell: Searing Ray
   394 | D:1      | Learned a level 2 spell: Blink
  1243 | D:2      | Reached XP level 3. HP: 19/19 MP: 0/10
  1340 | D:2      | Reached skill level 5 in Conjurations
  1979 | D:3      | Found a transporter.
  1983 | D:3      | Noticed a small abomination
  1995 | D:3      | Found a one-way gate to the infinite horrors of the Abyss.
  1995 | D:3      | Noticed ragingrage's ghost (weakling MiBe)
  2054 | D:3      | Found a transporter.
  2094 | D:3      | Reached XP level 4. HP: 17/24 MP: 7/12
  2097 | D:3      | Reached skill level 5 in Spellcasting
  2496 | D:4      | Reached XP level 5. HP: 28/28 MP: 5/14
  2595 | D:4      | Slain by an iguana

Illustrated notes

Levels and vault maps discovered:
D:1:      zelgadis_glass_arrival_small, layout_rooms,
          chequers_ecumenical_altar_simple_redux
D:2:      layout_basic, minmay_split_cup_large
D:3:      layout_rooms, gammafunk_ghost_abyssal_escape
D:4:      layout_basic, st_stairs_4

Skill      XL: |  1  2  3  4 |
---------------+-------------+-----
Spellcasting   | 4 5 |  5.4
Conjurations   | 5 |  5.8
Dodging        | |  2.4
Stealth        | |  2.4

Action                   |  1- 3 |  4- 6 || total
-------------------------+-------+-------++-------
 Cast: Magic Dart        |    71 |    13 ||    84
       Searing Ray       |     2 |     4 ||     6
       Blink             |       |     1 ||     1
Armor: Robe              |     2 |       ||     2
Dodge: Dodged            |     4 |     5 ||     9
